AoeStats
← Consciousness

Arabia

505289766Analyzed
1v1 RM · 24d ago on Sep 8, 2026· 49m 42s· 2 players
Game mode
Random Map
Map size
Tiny (2 player)
Population
200
Speed
Normal
Resources
Standard
Victory
Conquest
Starting age
Dark Age
Ending age
Imperial Age
RankedLock teamsTeams togetherTeam positionsShared explorationLock speedFull tech treeHidden civsTurbo modeCheats
Victory
Defeat
🇸🇪 Japanese · Sweden
1986
+22
🇨🇴 Britons · Colombia
2111
-22
Consciousness
6:07 Loom
9:22 Feudal Age
9:25 Man-at-Arms
10:30 Arson
17:05 Fletching
18:52 Double-Bit Axe
24:16 Castle Age
24:59 Bodkin Arrow
24:25 Crossbowman
25:15 Bow Saw
24:48 Elite Skirmisher
26:17 Padded Archer Armor
26:57 Ballistics
28:13 Leather Archer Armor
28:13 Town Watch
29:31 Horse Collar
32:18 Heavy Plow
33:19 Guard Tower
34:50 Wheelbarrow
39:54 Imperial Age
37:33 Gold Mining
37:33 Stone Mining
39:05 Thumb Ring
40:38 Bracer
41:39 Chemistry
42:13 Yasama
42:42 Masonry
44:29 Block Printing
45:03 Gold Shaft Mining
44:45 Hand Cart
45:23 Ring Archer Armor
45:54 Arrowslits
49:58 Two-Man Saw
48:22 Arbalester
50:04 Scale Barding Armor
VL Tou
6:32 Loom
9:49 Feudal Age
10:26 Double-Bit Axe
15:44 Fletching
24:23 Castle Age
24:33 Crossbowman
25:13 Bodkin Arrow
25:31 Bow Saw
25:20 Town Watch
26:28 Horse Collar
29:08 Gold Mining
31:10 Guard Tower
37:25 Imperial Age
36:32 Ballistics
39:22 Chemistry
40:11 Bracer
42:58 Warwolf
Connection lost

Rejoining the realm…

Still unreachable

The connection could not be restored.

Session expired

The server has moved on; the page needs a fresh start.